 Dungeon Crawl Stone Soup version 0.27-a0-1595-g0b823d0a13 (webtiles) character file.

Game seed: 13936098975675940920

287 Sin92 the Skirmisher (level 6, -2/49 HPs)
             Began as a Demonspawn Fighter on July 20, 2021.
             Killed by nerve-wracking pain
             ... invoked by Grinder
              (9 damage)
             ... on level 3 of the Dungeon.
             The game lasted 00:02:07 (1917 turns).

Sin92 the Skirmisher (Demonspawn Fighter)           Turns: 1917, Time: 00:02:07

Health: -2/49      AC:  7    Str: 18    XL:     6   Next: 8%
Magic:  6/6        EV:  8    Int: 10    God:
Gold:   39         SH:  9    Dex: 12    Spells: 5/5 levels left

rFire    . . .     SeeInvis .   a - +0 war axe
rCold    . . .     Faith    .   c - +0 kite shield
rNeg     . . .     Spirit   .   b - +0 scale mail
rPois    .         Reflect  .   (helmet restricted)
rElec    .         Harm     .   (no cloak)
rCorr    .         Rampage  .   (no gloves)
Will     .....                  (no boots)
Stlth    ..........             (no amulet)
HPRegen  0.16/turn              (no ring)
MPRegen  0.10/turn              (no ring)

@: weak-willed
A: horns 1, rugged brown scales 1
a: no special abilities


You were on level 3 of the Dungeon.
You visited 1 branch of the dungeon, and saw 3 of its levels.

You collected 39 gold pieces.

Inventory:

Hand Weapons
 a - a +0 war axe (weapon)
Armour
 b - a +0 scale mail (worn)
 c - a +0 kite shield (worn)
Jewellery
 g - a ring of ice
Scrolls
 j - a scroll of teleportation
Potions
 f - 3 potions of brilliance
 h - a potion of heal wounds
 i - a potion of attraction {unknown}


   Skills:
 + Level 4.0 Fighting
 * Level 3.5 Axes
 + Level 3.5 Armour
 + Level 2.0 Dodging
 + Level 3.4 Shields


You had 5 spell levels left.
You didn't know any spells.
Your spell library contained the following spells:

 Spells                   Type           Power      Damage    Failure   Level
 Slow                     Hex            0%         N/A       100%        2
 Confusing Touch          Hex            0%         N/A       100%        3
 Yara's Violent Unravell  Hex/Tmut       0%         3d3       100%        5


Dungeon Overview and Level Annotations

Branches:
Dungeon (3/15)

Altars:
The Shining One

Annotations:
D:3 Grinder


Innate Abilities, Weirdness & Mutations

You have a pair of small horns on your head.
You are partially covered in rugged brown scales. (AC +1, +3% HP)


Message History

Unknown command.
You completely miss the endoplasm. The endoplasm freezes you.
You are frozen.
Grinder blinks!
The endoplasm freezes you.
You are frozen.
You hit the endoplasm.
You kill the endoplasm!
Found 14 sling bullets.
Unknown command.
As you read the scroll labelled IRUN RIURUA, it crumbles to dust.
Magic quickly surges around you.
It was a scroll of vulnerability.
Grinder blinks!
Okay, then.
Grinder gestures at you. Pain shoots through your body! Grinder hits you.
You writhe in agony.
You closely miss Grinder. Your headbutt misses Grinder. Grinder hits you!
You hit Grinder.
Grinder is lightly wounded.
Grinder says, "Just stop there for a second..."
Grinder barely misses you.
Grinder blinks!
You barely miss Grinder. Grinder hits you but does no damage.
You hit Grinder. Your headbutt misses Grinder.
Grinder is lightly wounded.
Grinder says, "Make like a tree!"
Grinder hits you but does no damage. Grinder gestures at you.
Pain shoots through your body!
You closely miss Grinder.
Grinder is lightly wounded.
Grinder gestures at you. Pain shoots through your body!
* * * LOW HITPOINT WARNING * * *
Your shield prevents you from hitting Grinder.
Your headbutt misses Grinder.
Grinder is lightly wounded.
Grinder gestures at you. Pain shoots through your body!
You die...

#..# #.# #.#####..# #.#
# .....##..# #.# #
#.##.##..# #.# # ###
#.##.##(.#####.# # ...(
#..............# #
###..##.##.##..#####.# #
........##.##..#####.###
#....@5..##........)..
#.#########.######.###
#.. #.# #.# ..# #.. ####


You could see Grinder (weak-willed).

Vanquished Creatures
  Sigmund (D:2)
  Natasha (thrice) (D:2)
  An adder (D:2)
  2 worms (D:2)
  2 dart slugs
  2 bats (D:2)
  6 endoplasms
  A giant cockroach (D:1)
  8 goblins
  4 hobgoblins
  2 kobolds (D:2)
  A rat (D:1)
33 creatures vanquished.

Notes
Turn   | Place    | Note
-------+----------+-------------------------------------------
     0 | D:1      | Sin92 the Demonspawn Fighter began the quest for the Orb.
     0 | D:1      | Reached XP level 1. HP: 18/18 MP: 1/1
   155 | D:1      | Gained mutation: You are partially covered in rugged brown
                  | scales. (AC +1, +3% HP) [demonic ancestry]
   155 | D:1      | Reached XP level 2. HP: 15/24 MP: 2/2
   266 | D:1      | Found a faded altar of an unknown god.
   901 | D:2      | Noticed Natasha
   911 | D:2      | Killed Natasha
   912 | D:2      | Reached skill level 1 in Dodging
   912 | D:2      | Reached XP level 3. HP: 9/29 MP: 3/3
   957 | D:2      | Noticed Natasha
   962 | D:2      | Killed Natasha
   963 | D:2      | Gained mutation: You have a pair of small horns on your
                  | head. [demonic ancestry]
   963 | D:2      | Reached XP level 4. HP: 15/36 MP: 4/4
   966 | D:2      | Noticed Sigmund
   972 | D:2      | Killed Sigmund
   973 | D:2      | Reached XP level 5. HP: 43/43 MP: 5/5
  1245 | D:2      | Noticed Natasha
  1255 | D:2      | Killed Natasha
  1256 | D:2      | Reached XP level 6. HP: 26/49 MP: 6/6
  1284 | D:2      | Reached skill level 4 in Fighting
  1889 | D:3      | Noticed Grinder
  1891 | D:3      | Paralysed by Grinder for 7 turns
  1917 | D:3      | Killed from afar by Grinder

Illustrated notes

Levels and vault maps discovered:
D:1:      amcnicky_arrival_single_pillar, layout_loops_ring,
          hellmonk_ecumenical_altar_run_dry, minmay_misc_feat_pillars
D:2:      layout_loops_ring, basic_altar, nicolae_underground_beach,
          uniq_natasha, uniq_sigmund
D:3:      kennysheep_the_goblin_king, layout_loops_ring,
          mainiacjoe_overflow_alcove_4, uniq_crazy_yiuf_cottage, uniq_grinder,
          uniq_ijyb

Skill      XL: |  1  2  3  4  5  6 |
---------------+-------------------+-----
Axes           | 2 3 |  3.5
Armour         | 3 |  3.5
Dodging        | 1 2 |  2.0
Shields        | 3 |  3.4
Fighting       | 4 |  4.0

Action                   |  1- 3 |  4- 6 || total
-------------------------+-------+-------++-------
Melee: War axe           |    51 |    50 ||   101
       Headbutt          |       |     4 ||     4
  Use: Potion            |     1 |     1 ||     2
       Scroll            |       |     4 ||     4
Armor: Scale mail        |    24 |    17 ||    41
Dodge: Dodged            |    17 |    15 ||    32
Block: Kite shield       |    29 |    19 ||    48

Table legend: (Time is in decaauts)
 A = Elapsed time spent in this place.
 B = Non-inter-level travel time spent in this place.
 C = Inter-level travel time spent in this place.
 D = Time resting spent in this place.
 E = Time spent auto-exploring this place.
 F = Levels seen in this place.
 G = Mean time per level.
                   A        B        C        D        E       F      G
               +--------+--------+--------+--------+--------+-----+--------+
         Total |   1982 |   1925 |     57 |     46 |   1568 |   3 |  660.7 |
       Dungeon |   1982 |   1925 |     57 |     46 |   1568 |   3 |  660.7 |
               +--------+--------+--------+--------+--------+-----+--------+

Top non-repeatable levels by time:
     D:2: 1006 daAuts
     D:1: 920 daAuts
     D:3: 55 daAuts
